 Dungeon Crawl Stone Soup version 0.28-a0-1199-gef9e1dbd39 (webtiles) character file.

Game seed: 2484915218353785018

11196 ytrimaz the Thaumaturge (level 11, 0/92 HPs)
             Began as an Octopode Transmuter on Dec 19, 2021.
             Was a Follower of Ashenzari.
             Killed from afar by a manticore (14 damage)
             ... with a volley of spikes
             ... on level 12 of the Dungeon.
             The game lasted 00:21:36 (14880 turns).

ytrimaz the Thaumaturge (Octopode Transmuter)      Turns: 14880, Time: 00:21:37

Health: 0/92       AC: 19    Str: 11    XL:     11   Next: 74%
Magic:  27/34      EV: 14    Int: 20    God:    Ashenzari [*.....]
Gold:   182        SH:  5    Dex: 19    Spells: 15/31 levels left

rFire   x . .      SeeInvis +     - Unarmed
rCold   + + +      Faith    .   (shield currently unavailable)
rNeg    + . .      Spirit   .   (helmet currently unavailable)
rPois   +          Reflect  +   n - amulet of reflection
rElec   .          Harm     .   a - ring of Ashenzari's Affliction {Wiz, Elem, Bglg} (curse)
rCorr   +          Rampage  .   b - ring of magical power
Will    .....                   e - ring of the Astral Fetters {Dex+6, Cun, Self} (curse)
Stlth   ++........              j - ring "Raekhlotz" {Fly rC+++ rN+ rCorr Str+2}
HPRegen 0.25/turn               l - ring of see invisible
MPRegen 0.24/turn               f - ring of Ashenzari's Boredom {AC+4, Elem, Self} (curse)
                                (no ring)
                                (no ring)

@: ice-armoured, ice-form, wereblooded, spiked, flying
A: freezing attack, boosted hp, almost no armour, amphibious, 8 rings, large,
(camouflage 1), (gelatinous body 1), (nimble swimmer 1), (tentacles)
a: End Transformation, Renounce Religion, Curse Item, Shatter the Chains


You were on level 12 of the Dungeon.
You worshipped Ashenzari.
Ashenzari was aware of your devotion.
You were a creature of crystalline ice.
You visited 2 branches of the dungeon, and saw 13 of its levels.
You also visited: Bailey.

You collected 429 gold pieces.
You spent 247 gold pieces at shops.

Inventory:

Jewellery
 a - the cursed ring of Ashenzari's Affliction (left front paw) {Wiz, Elem, Bglg}
   (You found it on level 1 of the Dungeon)

   [ring of wizardry]

   It improves your spell success rate.
   It has a curse which improves the following skills: Elements: Fire Magic, Ice
   Magic, Air Magic and Earth Magic.
   Beguiling: Conjurations, Hexes and Translocations.
 b - a ring of magical power (right front paw)
 e - the cursed ring of the Astral Fetters (on tentacle) {Dex+6, Cun, Self}
   (You found it on level 3 of the Dungeon)

   [ring of dexterity]

   Dex:       It affects your dexterity (+6).
   It has a curse which improves the following skills: Cunning: Dodging and
   Stealth.
   Introspection: Fighting and Spellcasting.
 f - the cursed ring of Ashenzari's Boredom (on tentacle) {AC+4, Elem, Self}
   (You took it off an orc on level 4 of the Dungeon)

   [ring of protection]

   AC:        It affects your AC (+4).
   It has a curse which improves the following skills: Elements: Fire Magic, Ice
   Magic, Air Magic and Earth Magic.
   Introspection: Fighting and Spellcasting.
 j - the ring "Raekhlotz" (on tentacle) {Fly rC+++ rN+ rCorr Str+2}
   (You acquired it on level 4 of the Dungeon)

   [ring of flight]

   Str:       It affects your strength (+2).
   rC:        It renders you almost immune to cold.
   rN:        It protects you from negative energy.
   Fly:       It grants you flight.
   rCorr:     It protects you from acid and corrosion.
 l - a ring of see invisible (on tentacle)
 n - an amulet of reflection (around neck)
Wands
 h - a wand of flame (22)
 i - a wand of paralysis (8)
 x - a wand of polymorph (12)
 y - a wand of digging (3)
 C - a wand of iceblast (6)
 F - a wand of acid (4)
Scrolls
 m - 4 scrolls of blinking
 o - 4 scrolls of teleportation
 q - a scroll of enchant armour
 r - a scroll of torment
 t - a scroll of silence
 w - a scroll of fear
 B - a scroll of magic mapping
 E - a scroll of summoning
Potions
 c - a potion of magic
 d - 2 potions of brilliance
 g - a potion of invisibility
 k - 5 potions of might
 p - a potion of berserk rage
 s - 2 potions of attraction
 u - 2 potions of heal wounds
 v - a potion of mutation
 z - 2 potions of lignification
 A - 2 potions of curing
 D - a potion of haste


   Skills:
 * Level 6.6(8.3) Fighting
 * Level 7.0(8.1) Dodging
 - Level 0.3 Shields
 + Level 9.3 Unarmed Combat
 * Level 9.3(10.9) Spellcasting
 * Level 7.8 Transmutations
 - Level 1.9(3.1) Ice Magic
 - Level 4.0 Poison Magic


You had 15 spell levels left.
You knew the following spells:

 Your Spells              Type           Power      Damage    Failure   Level
a - Ozocubu's Armour      Ice            23%        N/A       1%          3
b - Wereblood             Tmut           42%        N/A       1%          2
c - Spider Form           Tmut/Pois      34%        N/A       1%          3
d - Ice Form              Ice/Tmut       32%        N/A       2%          4
e - Frozen Ramparts       Ice            46%        1d6       1%          3
f - Beastly Appendage     Tmut           84%        N/A       1%          1

Your spell library contained the following spells:

 Spells                   Type           Power      Damage    Failure   Level
 Poisonous Vapours        Pois/Air       38%        N/A       1%          2
 Corpse Rot               Necr/Air       22%        N/A       3%          2
 Call Canine Familiar     Summ           10%        N/A       8%          3
 Portal Projectile        Hex/Tloc       22%        N/A       8%          3
 Summon Ice Beast         Ice/Summ       17%        N/A       13%         4
 Leda's Liquefaction      Hex/Erth       5%         N/A       24%         4
 Passage of Golubria      Tloc           11%        N/A       24%         4
 Metabolic Englaciation   Hex/Ice        8%         N/A       32%         5
 Silence                  Hex/Air        5%         N/A       52%         5
 Simulacrum               Ice/Necr       8%         N/A       86%         6
 Lehudib's Crystal Spear  Conj/Erth      5%         10d3      100%        8


Dungeon Overview and Level Annotations

Branches:
Dungeon (12/15)            Temple (1/1) D:6            Lair (0/6) D:9
    Orc (0/2) D:12         Bailey (visited)

Altars:
Ashenzari
Cheibriados
Dithmenos
Elyvilon
Fedhas
Gozag
Hepliaklqana
Kikubaaqudgha
Makhleb
Nemelex Xobeh
Okawaru
Qazlal
Ru
Sif Muna
Trog
Uskayaw
Vehumet
Wu Jian
Xom
Yredelemnul
Zin
The Shining One

Shops:
D:7 ?!(=   D:10 !(((?

Portals:
Trove: D:10 (show abyssal rune of Zot)

Annotations:
D:6 Eustachio
D:8 exclusion: door


Innate Abilities, Weirdness & Mutations

You are a creature of crystalline ice.
You have a powerful freezing melee attack.
Your maximum health is increased.
Your armour is entirely melded.
You are incapable of wielding weapons or throwing items.
You cannot wear most types of armour.
You are amphibious.
You can wear up to eight rings at the same time.
((Your skin changes colour to match your surroundings (Stealth+).))
((Your rubbery body absorbs attacks. (AC +1, EV +1)))
((You are camouflaged near water. (Stealth+)))
((You have tentacles for arms and can constrict up to eight enemies at once.))


Message History

Unknown command.
Casting: Ice Form (dangerous; 2% risk of failure)
Confirm with . or Enter, or press ? or * to list all spells.
Casting: Frozen Ramparts (safe; 1% risk of failure)
Press: ? - help, Dir - look around, f - activate The walls around you are covered in ice.
Unknown command.
Unknown command.
Casting: Frozen Ramparts (safe; 1% risk of failure)
Confirm with . or Enter, or press ? or * to list all spells.
Your icy body feels more resilient.
The boulder beetle leaps!
The manticore flicks its tail.
The volley of spikes hits you but does no damage.
Unknown command.
Unknown command.
Casting: Ozocubu's Armour (safe; 1% risk of failure)
Confirm with . or Enter, or press ? or * to list all spells.
Your blood is infused with primal strength.
The boulder beetle curls into a ball and begins rolling!
The manticore flicks its tail.
The volley of spikes hits you but does no damage.
Unknown command.
Unknown command.
The manticore flicks its tail.
The volley of spikes hits you!
The barbed spikes become lodged in your body.
The manticore flicks its tail.
The volley of spikes hits you.
The barbed spikes become lodged in your body.
The wall freezes the boulder beetle.
You punch the boulder beetle! You freeze the boulder beetle.
The boulder beetle is moderately wounded.
The frozen ramparts melt away.
The boulder beetle hits you!!!
Ouch! That really hurt!
* * * LOW HITPOINT WARNING * * *
The boulder beetle stops rolling and uncurls.
The manticore flicks its tail.
The volley of spikes hits you!
The barbed spikes become lodged in your body.
You die...

#<#..### #.#.# #...<..# #.#.#
#..###.# #####.#.# #))# #.#
#..)..#.# .######)###.######
###)###...#
.................####.))..#####
########).######.#.....8.....#
#..# #.#...........#### #..#
#YB°°............# #..#
#..8....>....8.... #..#
##.............#.. #..#
##.H.........##.. ...#
#.....8.....##.# ##.#
####.....#####.# ###..## ..#.#
##.# #.#.# #.# #.#.#


You could see a boulder beetle and a manticore.

Vanquished Creatures
  3 two-headed ogres
  A centaur warrior (D:11)
  Pikel (D:8)
  A cyclops (D:11)
  Joseph (D:7)
  A gargoyle (D:10)
  A kobold demonologist (D:11)
  2 trolls
  2 shadows (D:10)
  A vampire (D:10)
  A wraith (D:10)
  3 wyverns
  10 yaks
  Menkaure (D:6)
  A steam dragon (D:9)
  Edmund (D:6)
  A water moccasin (D:6)
  5 orc warriors
  An ice beast (D:7)
  3 black bears
  4 centaurs
  A lemure (D:8)
  3 kobold brigands
  A scorpion (D:6)
  2 wyvern zombies
  A water moccasin zombie (D:3)
  8 killer bees
  The ghost of MangoReinhardt the Shooter, a weakling MiHu (D:3)
  9 wights
  4 howler monkeys
  A bullfrog zombie (D:3)
  2 centaur zombies
  4 centaur skeletons
  3 orc priests
  4 hounds
  3 jellies
  11 orc wizards
  6 iguanas
  2 killer bee zombies
  3 hound skeletons (D:4)
  2 howler monkey zombies
  5 gnolls
  10 adders
  2 howler monkey skeletons (D:7)
  3 white imps (D:7)
  3 dart slugs
  28 orcs
  12 ball pythons
  10 endoplasms
  A giant cockroach (D:1)
  13 hobgoblins
  2 quokkas
  6 bats
  5 frilled lizards
  14 goblins
  22 kobolds
  7 rats
259 creatures vanquished.

Vanquished Creatures (others)
  44 plants
44 creatures vanquished.

Grand Total: 303 creatures vanquished

Notes
Turn   | Place    | Note
-------+----------+-------------------------------------------
     0 | D:1      | ytrimaz the Octopode Transmuter began the quest for the
                  | Orb.
     0 | D:1      | Reached XP level 1. HP: 13/13 MP: 3/3
   516 | D:1      | Reached XP level 2. HP: 18/18 MP: 5/5
  1279 | D:2      | Learned a level 2 spell: Wereblood
  1412 | D:2      | Reached XP level 3. HP: 17/23 MP: 6/6
  1416 | D:2      | Learned a level 3 spell: Spider Form
  1959 | D:2      | Found a shimmering altar of Xom.
  2109 | D:2      | Reached XP level 4. HP: 11/28 MP: 7/7
  3157 | D:3      | Reached skill level 1 in Poison Magic
  3266 | D:3      | Reached XP level 5. HP: 19/34 MP: 9/9
  3439 | D:3      | Found an ancient bone altar of Kikubaaqudgha.
  3720 | D:3      | Found a hide-covered altar of Uskayaw.
  3720 | D:3      | Found a burning altar of Makhleb.
  3758 | D:3      | Learned a level 4 spell: Ice Form
  3927 | D:3      | Found a runed translucent gate.
  3927 | D:3      | Found a runed translucent gate.
  3927 | D:3      | Found a runed translucent gate.
  3928 | D:3      | Noticed MangoReinhardt's ghost (weakling MiHu)
  3953 | D:3      | You fall into a shaft and drop 1 floor!
  3975 | D:4      | Reached XP level 6. HP: 38/39 MP: 10/10
  4257 | D:3      | Found a sparkling altar of Nemelex Xobeh.
  4264 | D:3      | Found an iron altar of Okawaru.
  4494 | D:3      | Found a faded altar of an unknown god.
  4670 | D:3      | Killed MangoReinhardt's ghost
  4689 | D:3      | Reached XP level 7. HP: 21/45 MP: 12/12
  5122 | D:4      | Identified a scroll of acquirement
  5539 | D:4      | Found a shimmering blue altar of Sif Muna.
  5626 | D:4      | Acquired the ring "Raekhlotz" {Fly rC+++ rN+ rCorr Str+2}
  5670 | D:5      | Entered Level 5 of the Dungeon
  5864 | D:5      | Reached skill level 1 in Ice Magic
  6308 | D:5      | Reached XP level 8. HP: 51/51 MP: 14/14
  6775 | D:6      | Reached skill level 5 in Unarmed Combat
  6952 | D:6      | Found a staircase to the Ecumenical Temple.
  7012 | Temple   | Entered the Ecumenical Temple
  7040 | Temple   | Became a worshipper of Ashenzari the Shackled
  7153 | D:6      | Noticed Eustachio
  7560 | D:6      | Noticed Menkaure
  7563 | D:6      | Noticed Edmund
  7567 | D:6      | Killed Menkaure
  7573 | D:6      | Killed Edmund
  7778 | D:6      | Learned a level 3 spell: Ozocubu's Armour
  8046 | D:6      | Reached XP level 9. HP: 57/58 MP: 16/16
  8389 | D:7      | Found a flagged portal.
  8390 | D:7      | Noticed Joseph
  8722 | D:7      | Reached skill level 5 in Spellcasting
  8722 | D:7      | Reached skill level 5 in Transmutations
  8831 | D:7      | Killed Joseph
  8837 | Bailey   | Entered a bailey
  8837 | Bailey   | Noticed an orc knight
  9149 | D:7      | Found Hyoball's Weapon Emporium.
  9153 | D:7      | Found Qoumuj's Magic Scroll Emporium.
  9154 | D:7      | Found Wommy's Jewellery Emporium.
  9155 | D:7      | Found Jiepimy's Distillery.
  9989 | D:8      | Reached * piety under Ashenzari
 10117 | D:8      | Reached skill level 5 in Dodging
 10141 | D:8      | Reached XP level 10. HP: 69/69 MP: 22/22
 10335 | D:8      | Found a glowing golden altar of the Shining One.
 10383 | D:8      | Found a bloodstained altar of Trog.
 10390 | D:8      | Reached skill level 5 in Fighting
 10467 | D:8      | Learned a level 3 spell: Frozen Ramparts
 10480 | D:8      | Noticed Pikel
 10493 | D:8      | Killed Pikel
 10900 | D:8      | Found a hazy altar of Hepliaklqana.
 10962 | D:9      | Found a staircase to the Lair.
 12167 | D:10     | Entered Level 10 of the Dungeon
 12257 | D:10     | Found a portal to a secret trove of treasure.
 12437 | D:10     | Found Lol Xopo's Weapon Boutique.
 12460 | D:10     | Found Tagofam's Magic Scroll Shoppe.
 12462 | D:10     | Noticed a two-headed ogre
 12463 | D:10     | Noticed a gargoyle
 12472 | D:10     | Killed a two-headed ogre
 12476 | D:10     | Killed a gargoyle
 12477 | D:10     | Reached XP level 11. HP: 65/75 MP: 23/24
 12527 | D:10     | Bought a scroll of magic mapping for 52 gold pieces
 12967 | D:10     | Found Cyhy Yss's Distillery.
 12970 | D:10     | Bought a potion of heal wounds for 65 gold pieces
 12970 | D:10     | Bought a potion of haste for 130 gold pieces
 12987 | D:10     | Found Touxui's Weapon Shoppe.
 13051 | D:10     | Found Qodd's Weapon Shop.
 13718 | D:11     | Noticed a centaur warrior
 13928 | D:11     | Noticed a cyclops
 13945 | D:11     | Killed a cyclops
 13990 | D:11     | Noticed a two-headed ogre
 14000 | D:11     | Killed a two-headed ogre
 14072 | D:11     | Found a glowing golden altar of the Shining One.
 14329 | D:11     | Killed a centaur warrior
 14649 | D:12     | Found a staircase to the Orcish Mines.
 14649 | D:12     | Noticed a two-headed ogre
 14661 | D:12     | Killed a two-headed ogre
 14851 | D:12     | Noticed a manticore
 14853 | D:12     | Noticed a boulder beetle
 14880 | D:12     | Killed from afar by a manticore

Illustrated notes

Levels and vault maps discovered:
D:1:      kilobyte_arrival_exit_the_forest, layout_basic,
          serial_co_window_serial, co_window_cross_1, co_window_paths_b,
          co_window_corner_a, co_window_corner_a, co_window_paths_a,
          co_window_of_opportunity_a, co_window_corner_a, co_window_2corner,
          co_window_corner_b, co_window_2corner, co_window_unsneaky_path_e,
          co_window_broadway_b, co_window_corner_b, co_window_of_opportunity_b
D:2:      layout_basic, basic_altar, nicolae_grassy_gnolls
D:3:      layout_rooms, grunt_temple_overflow_open,
          gammafunk_temple_overflow_wave,
          mainiacjoe_overflow_concentric_impassable,
          shapermc_ecumenical_altar_petra, gammafunk_ghost_necromancy,
          serial_bayou_lagoon_a, corexii_item_surrounded_by_moat,
          due_unseen_surprise
D:4:      layout_basic, kennysheep_mini_moat, serial_glass, glass_columns_a,
          glass_columns_b, glass_columns_b, glass_columns_c, glass_columns_c,
          glass_columns_b, glass_columns_c, glass_columns_a,
          serial_bayou_crossing
D:5:      layout_cave_pools, minmay_stone_trees_small
D:6:      corexii_shantytown, layout_layer_cave, temple_green, uniq_menkaure,
          uniq_eustachio, uniq_edmund
D:7:      layout_loops_ring, enter_bailey_5, minmay_misc_feat_encased,
          minmay_shop_grid_forest, uniq_joseph
D:8:      layout_loops_ring, mainiacjoe_overflow_boulevard,
          trog_ov_bears_minmay, nicolae_hepliaklqana_hippocampus,
          hangedman_incinerator, uniq_pikel
D:9:      layout_stronghold, lair_entry_dummy
D:10:     layout_roguey, enter_trove_2, serial_shops, nicolae_shop_crystal,
          nicolae_shop_waterfront, nicolae_shop_bloodbath_and_beyond,
          nicolae_shop_behind_doors, shop, serial_corexii_hall,
          corexii_hall_statues_x, corexii_hall_statues_deadend,
          chequers_hall_statues_y, corexii_hall_statues_x,
          chequers_hall_statues_corner_a, chequers_hall_statues_y
D:11:     layout_rooms, tso_metal_star
D:12:     layout_loops_ring, david_orc_2
Temple:   cyrus_circular_temple

Skill      XL: |  1  2  3  4  5  6  7  8  9 10 11 |
---------------+----------------------------------+-----
Poison Magic   | 1 2 3 4 |  4.0
Transmutations | 3 4 5 7 |  7.8
Spellcasting   | 3 4 6 8 9 |  9.3
Fighting       | 2 3 4 5 6 |  6.6
Dodging        | 3 4 5 6 7 |  7.0
Unarmed Combat | 4 6 7 8 9 |  9.3
Ice Magic      | 1 |  1.9
Shields        | |  0.3

Action                   |  1- 3 |  4- 6 |  7- 9 | 10-12 || total
-------------------------+-------+-------+-------+-------++-------
Melee: Unarmed           |    76 |   114 |   284 |   234 ||   708
       Constrict         |    17 |    10 |     8 |       ||    35
       Tentacles         |    12 |     4 |    10 |       ||    26
       Kick              |    11 |     8 |       |       ||    19
 Cast: Beastly Appendage |    18 |     5 |     2 |     1 ||    26
       Spider Form       |     2 |     9 |     6 |     5 ||    22
       Wereblood         |     2 |     4 |     9 |     4 ||    19
       Ice Form          |       |     7 |    33 |    41 ||    81
       Ozocubu's Armour  |       |       |     7 |    20 ||    27
       Frozen Ramparts   |       |       |       |    15 ||    15
Invok: Curse Item        |       |       |     2 |     1 ||     3
Evoke: Wand              |       |       |     7 |       ||     7
  Use: Scroll            |     1 |     2 |    12 |       ||    15
       Potion            |       |     3 |     1 |     1 ||     5
 Stab: Sleeping          |     3 |     1 |     3 |     1 ||     8
       Paralysed         |       |       |     5 |       ||     5
Armor: Skin              |     5 |    33 |    93 |    88 ||   219
Dodge: Dodged            |    44 |    85 |   200 |   195 ||   524
Block: Other             |       |       |    46 |    54 ||   100
       Reflection        |       |       |     8 |     3 ||    11

Table legend: (Time is in decaauts)
 A = Elapsed time spent in this place.
 B = Non-inter-level travel time spent in this place.
 C = Inter-level travel time spent in this place.
 D = Time resting spent in this place.
 E = Time spent auto-exploring this place.
 F = Levels seen in this place.
 G = Mean time per level.
                   A        B        C        D        E       F      G
               +--------+--------+--------+--------+--------+-----+--------+
         Total |  14816 |  14397 |    419 |   1375 |  10727 |  14 | 1058.3 |
       Dungeon |  14744 |  14333 |    411 |   1375 |  10686 |  12 | 1228.7 |
        Temple |     69 |     61 |      8 |      0 |     41 |   1 |   69.0 |
        Bailey |      2 |      2 |      0 |      0 |      0 |   1 |    2.0 |
               +--------+--------+--------+--------+--------+-----+--------+

Top non-repeatable levels by time:
     D:6: 1820 daAuts
     D:2: 1693 daAuts
     D:3: 1448 daAuts
     D:1: 1444 daAuts
     D:4: 1438 daAuts
     D:7: 1415 daAuts
    D:10: 1355 daAuts
     D:9: 1195 daAuts
     D:8: 991 daAuts
    D:11: 981 daAuts
     D:5: 605 daAuts
    D:12: 356 daAuts
  Temple: 69 daAuts
  Bailey: 2 daAuts
